 Dungeon Crawl Stone Soup version 0.30-a0-782-ge64f9170bb (webtiles) character file.

Game seed: 9590397580614021137

2122877 Angani the Ice Dragon (level 26, 231/231 HPs)
             Began as a White Draconian Necromancer on Mar 6, 2023.
             Was the Champion of Vehumet.
             Escaped with the Orb
             ... and 4 runes on Mar 7, 2023!
             The game lasted 03:59:01 (80599 turns).

Angani the Ice Dragon (DrNe)                       Turns: 80599, Time: 03:59:02

Health: 231/231    AC: 26    Str:  6    XL:     26   Next: 49%
Magic:  54/54      EV: 18    Int: 25    God:    Vehumet [******]
Gold:   5943       SH: 17    Dex: 14    Spells: 2/79 levels left

rFire   + + +      SeeInvis +    a - +9 demon trident (spect)
rCold   + + +      Faith    .    D - +5 kite shield {AC+3}
rNeg    . . .      Spirit   .    (body armour unavailable)
rPois   +          Reflect  .    (helmet restricted)
rElec   .          Harm     .    Z - +4 dragonskin cloak
rCorr   .          Rampage  .    o - +2 pair of gloves "Miosyrchom" {rC+ Str-5 Stlth+}
Will    ++...                    X - +2 pair of boots {Stlth+}
Stlth   ++                       k - amulet of the Firefly {rF+ Regen+}
HPRegen 1.38/turn                i - ring "Oches" {rF++ SInv}
MPRegen 0.34/turn                l - ring of Discord {rPois Will+ SInv}

@: flying, studying 3 skills
A: breathe frost, AC +12, unfitting armour, cold resistance 2, cold-blooded, big
wings, poison resistance
0: Orb of Zot
}: 4/15 runes: serpentine, barnacled, slimy, silver
a: Breathe Frost, Renounce Religion


You escaped.
You worshipped Vehumet.
Vehumet was exalted by your worship.
You visited 11 branches of the dungeon, and saw 55 of its levels.
You also visited: Trove, Sewer, Gauntlet and Wizlab.

You collected 9916 gold pieces.
You spent 3973 gold pieces at shops.

Inventory:

Hand Weapons
 a - a +9 spectral demon trident (weapon)
 b - a +9 demon trident of pain
Missiles
 w - 7 throwing nets
Armour
 o - the +2 pair of gloves "Miosyrchom" (worn) {rC+ Str-5 Stlth+}
   (You found it on level 3 of the Elven Halls)

   Str:       It affects your strength (-5).
   rC:        It protects you from cold.
   Stlth:     It makes you more stealthy.
 D - a +5 kite shield of protection (worn)
 X - a +2 pair of boots of stealth (worn)
 Z - the +4 dragonskin cloak (worn)
   (You took it off Tiamat on level 4 of the Depths)

   Avatar's Aegis: It grants the wearer a chance to resist fire, cold, poison,
   electricity, acid, and negative energy.
Jewellery
 i - the ring "Oches" (left hand) {rF++ SInv}
   (You bought it in a shop on level 2 of the Orcish Mines)

   [ring of see invisible]

   rF:        It greatly protects you from fire.
   SInv:      It lets you see invisible.
 k - the amulet of the Firefly (around neck) {rF+ Regen+}
   (You took it off a deep elf sorcerer on level 3 of the Elven Halls)

   [amulet of regeneration]

   rF:        It protects you from fire.
   Regen:     It increases your rate of health regeneration.
 l - the ring of Discord (right hand) {rPois Will+ SInv}
   (You found it on level 2 of the Dungeon)

   [ring of poison resistance]

   rPois:     It protects you from poison.
   SInv:      It lets you see invisible.
   Will:      It increases your willpower.
 B - the ring of Heiroini {Fly rCorr Str-3 Int+5}
   (You found it on level 5 of the Pits of Slime)

   [ring of resist corrosion]

   Str:       It affects your strength (-3).
   Int:       It affects your intelligence (+5).
   Fly:       It grants you flight.
   rCorr:     It protects you from acid and corrosion.
 T - the ring "Fobaman" {AC+4 Int+4}
   (You found it on level 5 of the Pits of Slime)

   [ring of protection]

   AC:        It affects your AC (+4).
   Int:       It affects your intelligence (+4).
 V - a ring of positive energy
 Y - the ring of Fus Feum {Fly rPois Slay+5}
   (You took it off a minotaur in a Gauntlet)

   [ring of flight]

   Slay:      It affects your accuracy & damage with ranged weapons and melee
   (+5).
   rPois:     It protects you from poison.
   Fly:       It grants you flight.
Wands
 d - a wand of digging (4)
 f - a wand of acid (15)
 p - a wand of iceblast (61)
 u - a wand of polymorph (34)
 x - a wand of paralysis (33)
 z - a wand of flame (49)
 K - a wand of mindburst (6)
Scrolls
 c - 2 scrolls of blinking
 e - 10 scrolls of vulnerability
 g - 7 scrolls of butterflies
 h - 27 scrolls of teleportation
 j - 3 scrolls of enchant armour
 r - 12 scrolls of amnesia
 s - 11 scrolls of fog
 y - 7 scrolls of immolation
 A - 2 scrolls of brand weapon
 J - 6 scrolls of magic mapping
 M - 6 scrolls of poison
 N - 6 scrolls of silence
 S - 6 scrolls of fear
Potions
 m - 8 potions of brilliance
 n - 12 potions of flight
 q - 2 potions of cancellation
 t - 4 potions of mutation
 v - 8 potions of ambrosia
 C - 6 potions of berserk rage
 E - 24 potions of curing
 F - 11 potions of lignification
 G - 8 potions of invisibility
 H - 8 potions of resistance
 I - 10 potions of haste
 L - 8 potions of attraction
 Q - a potion of magic
 R - 4 potions of heal wounds
 U - 10 potions of might
Miscellaneous
 O - a phial of floods
 P - a condenser vane
 W - a box of beasts


   Skills:
 - Level 17.7 Fighting
 - Level 14.0 Polearms
 - Level 15.0 Dodging
 - Level 5.3 Stealth
 - Level 12.7 Shields
 O Level 27 Spellcasting
 - Level 8.0 Conjurations
 - Level 10.0 Necromancy
 - Level 14.6 Translocations
 O Level 27 Ice Magic
 + Level 11.2 Air Magic


You had 2 spell levels left.
You knew the following spells:

 Your Spells              Type           Power      Damage    Failure   Level
a - Polar Vortex          Ice            53%        N/A       1%          9
b - Blink                 Tloc           100%       N/A       0%          2
c - Vampiric Draining     Necr           71%        2d11      1%          3
d - Simulacrum            Ice/Necr       45%        N/A       1%          6
e - Lesser Beckoning      Tloc           100%       N/A       0%          2
f - Frozen Ramparts       Ice            100%       1d16      0%          3
g - Freezing Cloud        Conj/Ice/Air   42%        6-21      1%          5
h - Dispel Undead         Necr           71%        3d24      1%          4
i - Metabolic Englaciati  Hex/Ice        39%        N/A       1%          5
j - Airstrike             Air            37%        2d(6-22)  1%          4
k - Irradiate             Conj/Tmut      26%        3d20      2%          5
l - Ozocubu's Refrigerat  Ice            53%        4d19      0%          7
m - Dispersal             Tloc           41%        N/A       1%          6
n - Disjunction           Tloc           41%        N/A       26%         8
o - Maxwell's Capacitive  Air            37%        ∞         28%         8

Your spell library contained the following spells:

 Spells                   Type           Power      Damage    Failure   Level
 Freeze                   Ice            100%       1d10      0%          1
 Ensorcelled Hibernation  Hex/Ice        100%       N/A       0%          2
 Beastly Appendage        Tmut           66%        N/A       1%          1
 Foxfire                  Conj/Fire      100%       2x1d9     1%          1
 Kiss of Death            Conj/Necr      100%       2d13      1%          1
 Magic Dart               Conj           100%       1d8       1%          1
 Necrotise                Necr           100%       1d9       1%          1
 Sandblast                Erth           66%        2d15      1%          1
 Shock                    Conj/Air       100%       1d9       1%          1
 Slow                     Hex            100%       N/A       1%          1
 Sting                    Tmut/Pois      100%       1d8       1%          1
 Summon Small Mammal      Summ           100%       N/A       1%          1
 Cigotuvi's Dreadful Rot  Necr/Pois/Air  100%       N/A       1%          2
 Momentum Strike          Conj/Tloc      100%       3d10      1%          2
 Poisonous Vapours        Pois/Air       100%       N/A       1%          2
 Scorch                   Fire           66%        2d8       1%          2
 Searing Ray              Conj           100%       2d8       1%          2
 Static Discharge         Conj/Air       100%       2-7/arc   1%          2
 Sublimation of Blood     Necr           71%        N/A       1%          2
 Passwall                 Tmut/Erth      27%        N/A       2%          2
 Wereblood                Tmut           33%        N/A       2%          2
 Gell's Gravitas          Tloc           82%        N/A       0%          3
 Hailstorm                Conj/Ice       88%        3d18      0%          3
 Ozocubu's Armour         Ice            100%       N/A       0%          3
 Teleport Other           Tloc           82%        N/A       0%          3
 Ignite Poison            Fire/Tmut/Pois 33%        N/A       1%          3
 Kindle Blastsparks       Fire/Tloc/Air  100%       2d18      1%          3
 Mephitic Cloud           Conj/Pois/Air  60%        N/A       1%          3
 Portal Projectile        Hex/Tloc       100%       N/A       1%          3
 Stone Arrow              Conj/Erth      100%       3d13      1%          3
 Swiftness                Air            74%        N/A       1%          3
 Vhi's Electric Charge    Tloc/Air       100%       N/A       1%          3
 Anguish                  Hex/Necr       28%        N/A       1%          4
 Animate Dead             Necr           71%        N/A       1%          4
 Fulminant Prism          Conj/Hex       26%        3d14      1%          4
 Iskenderun's Mystic Bla  Conj/Tloc      74%        2d15      1%          4
 Manifold Assault         Tloc           82%        N/A       1%          4
 Passage of Golubria      Tloc           82%        N/A       1%          4
 Sticky Flame             Conj/Fire      52%        2d7       1%          4
 Summon Ice Beast         Ice/Summ       79%        N/A       1%          4
 Summon Lightning Spire   Summ/Air       58%        N/A       1%          4
 Agony                    Necr           71%        N/A       1%          5
 Arcjolt                  Conj/Air       34%        1d44      1%          5
 Iskenderun's Battlesphe  Conj           65%        2d11      1%          5
 Lightning Bolt           Conj/Air       34%        1d52      1%          5
 Conjure Ball Lightning   Conj/Air       34%        3x3d11    1%          6
 Fireball                 Conj/Fire      26%        3d12      2%          5
 Summon Forest            Summ/Tloc      31%        N/A       2%          5
 Call Canine Familiar     Summ           33%        N/A       4%          3
 Confusing Touch          Hex            33%        N/A       4%          3
 Spider Form              Tmut/Pois      33%        N/A       4%          3
 Summon Guardian Golem    Hex/Summ       33%        N/A       4%          3
 Tukima's Dance           Hex            33%        N/A       4%          3
 Olgreb's Toxic Radiance  Pois           33%        N/A       4%          4
 Silence                  Hex/Air        29%        N/A       4%          5
 Death Channel            Necr           35%        N/A       4%          6
 Borgnjor's Vile Clutch   Necr/Erth      28%        N/A       6%          5
 Lee's Rapid Deconstruct  Erth           16%        3d10*     12%         5
 Yara's Violent Unravell  Hex/Tmut       16%        3d8       12%         5
 Starburst                Conj/Fire      26%        6d8       13%         6
 Orb of Destruction       Conj           32%        9d10      13%         7
 Cause Fear               Hex            16%        N/A       16%         4
 Leda's Liquefaction      Hex/Erth       16%        N/A       16%         4
 Petrify                  Tmut/Erth      33%        N/A       16%         4
 Blade Hands              Tmut           16%        N/A       41%         5
 Summon Mana Viper        Hex/Summ       33%        N/A       41%         5
 Eringya's Noxious Bog    Tmut/Pois      16%        N/A       50%         6
 Spellforged Servitor     Conj/Summ      26%        N/A       54%         7
 Storm Form               Tmut/Air       29%        N/A       80%         7
 Haunt                    Necr/Summ      28%        N/A       87%         7
 Borgnjor's Revivificati  Necr           35%        N/A       87%         8
 Infestation              Necr           35%        N/A       87%         8
 Statue Form              Tmut/Erth      22%        N/A       94%         6
 Summon Cactus Giant      Summ           16%        N/A       94%         6
 Lehudib's Crystal Spear  Conj/Erth      26%        10d7      99%         8
 Chain Lightning          Conj/Air       34%        3d46      99%         9
 Dragon Form              Tmut           16%        N/A       100%        7
 Enfeeble                 Hex            16%        N/A       100%        7
 Monstrous Menagerie      Summ           16%        N/A       100%        7
 Summon Hydra             Summ           16%        N/A       100%        7
 Discord                  Hex            16%        N/A       100%        8
 Ignition                 Fire           16%        3d7       100%        8
 Necromutation            Tmut/Necr      28%        N/A       100%        8
 Summon Horrible Things   Summ           16%        N/A       100%        8
 Death's Door             Necr           35%        N/A       100%        9
 Dragon's Call            Summ           16%        N/A       100%        9
 Fire Storm               Conj/Fire      26%        8d7       100%        9
 Shatter                  Erth           16%        3d16*     100%        9


Dungeon Overview and Level Annotations

Branches:
Dungeon (15/15)            Temple (0/1) D:6            Lair (5/5) D:8
 Shoals (4/4) Lair:2        Snake (4/4) Lair:3        Slime (5/5) Lair:5
    Orc (2/2) D:10            Elf (3/3) Orc:2        Vaults (5/5) D:13
  Crypt (3/3) Vaults:3       Tomb (0/3) Crypt:3      Depths (4/4) D:15
    Zot (5/5) Depths:4      Sewer (visited)          WizLab (visited)
Gauntlet (visited)

Altars:
Ashenzari
Elyvilon
Hepliaklqana
Kikubaaqudgha
Makhleb
Nemelex Xobeh
Sif Muna
Vehumet
Xom
Yredelemnul
The Shining One

Shops:
D:9 :   Orc:1 *   Orc:2 =??*   Elf:3 *?   Shoals:3 (:=   Snake:3 [[
Vaults:1 [

Portals:
Hell: Lair:5 Depths:1 Depths:2 Depths:3 Depths:4
Abyss: Depths:1 Depths:3
Pandemonium: Depths:1 Depths:2
Ziggurat: Depths:2

Annotations:
Shoals:2 Roxanne
Snake:4 1 exclusion
Orc:1 2 transporters, Fatsamen's ghost, journeyman MiMo
Elf:2 3 runed translucent doors
Elf:3 4 exclusions
Crypt:1 3 runed translucent doors, Dassydak's ghost, adept GrFi
Depths:3 exclusion: 8 doors
Zot:5 1 exclusion


Innate Abilities, Weirdness & Mutations

You can breathe waves of freezing cold which knock back foes.
Your icy white scales are hard. (AC +12)
You cannot fit into any form of body armour.
Your flesh is very cold resistant. (rC++)
You are cold-blooded and may be slowed by cold attacks.
Your large and strong wings let you fly.
Your system is resistant to poisons. (rPois)


Message History

There is a stone staircase leading down here.
You see here a hobgoblin skeleton.
There is an escape hatch in the ceiling here.
A mysterious force pulls you upwards. The hatch slams shut behind you.
There is an open door here.
There is an open door here.
A lich comes into view.
You can't go up here!
Casting: Freezing Cloud (safe; 1% risk of failure)
Confirm with . or Enter, or press ? or * to list all spells.
Aiming: Lesser Beckoning (safe; 0% risk of failure)
Press: ? - help, Shift-Dir - straight line, f - lich
Aim: a lich (wandering, hasn't noticed you, 100% to hit)
The lich hurls suddenly forward!
Casting: Lesser Beckoning (safe; 0% risk of failure)
Confirm with . or Enter, or press ? or * to list all spells.
Aiming: Dispel Undead (safe; 1% risk of failure)
Press: ? - help, Shift-Dir - straight line, f/p - lich
Aim: a lich (100% to hit)
The lich is dispelled!!!
You block the lich's attack.
Casting: Dispel Undead (safe; 1% risk of failure)
Confirm with . or Enter, or press ? or * to list all spells.
Aiming: Dispel Undead (safe; 1% risk of failure)
Press: ? - help, Shift-Dir - straight line, f/p - lich
Aim: a lich (heavily damaged, 100% to hit)
The lich is dispelled!!!
You destroy the lich!
Vehumet accepts your kill.
You feel your power returning.
Magic restored.
HP restored.
There is an open door here.
There is a stone staircase leading up here.
You fly upwards.
There is a stone staircase leading down here.
There is a stone staircase leading up here.
You fly upwards.
There is a stone staircase leading down here.
There is a staircase leading out of the dungeon here.
You have escaped!

.######.#.#..######.#..#.# #.
........#.#............#.# #.
.#...........#.....#.###.## #.
.#######.....##...##...#..# #.
.## #.....###.###....#.# #.
..## #..#### #.# ####.#.# #.
...### #...## ##.## ##..#.# #.
.#...# #....###...###...#.# #.
.###.#
#........@.........######. .#
#.###....###...###............
.# #.##....## ##.##
##..########. .# #....#.####
#.# ####.# #. .#
###>.#....###.###....# ## .#
#.......##...##...## .#
#.....#.#.....#.### .#
#.###...........# .# #.#
##..(.......#


There were no monsters in sight!

Vanquished Creatures
  the Royal Jelly (Slime:5)
  Dissolution (Slime:2)
  Tiamat (Depths:4)
  2 ancient liches (Vaults:5)
  Mennas (Crypt:3)
  Sojobo (Vaults:4)
  Boris (Vaults:5)
  Bai Suzhen (Vaults:4)
  Vashnia (Snake:3)
  Xtahua (Crypt:3)
  A curse toe (Depths:4)
  A caustic shrike (Depths:1)
  8 golden dragons
  Jory (Crypt:3)
  A bone dragon (Depths:4)
  A Hell Sentinel (D:5)
  An electric golem (Depths:4)
  2 walking crystal tomes (Depths:3)
  Jorgrun (Snake:1)
  7 titans
  2 deep elf master archers (Elf:3)
  10 tentacled monstrosities
  2 deep elf blademasters (Elf:3)
  7 liches
  2 quicksilver dragons
  20 acid blobs
  2 krakens
  8 ancient champions
  4 death cobs
  4 sphinxes
  Kirke (D:13)
  8 tengu reavers
  12 shadow dragons
  5 nagarajas (Snake:4)
  8 storm dragons
  28 azure jellies
  Ilsuiw (Shoals:3)
  5 fire giants
  5 revenants
  7 draconian monks
  10 rockslimes
  8 frost giants
  5 draconian knights
  5 draconian scorchers
  2 iron dragons
  6 deep elf sorcerers
  3 balrugs
  9 vault wardens
  4 curse skulls
  A ghost moth (Zot:2)
  4 deep elf elementalists
  4 ghouls
  3 draconian shifters
  Aizul (Lair:3)
  14 ironbound preservers
  6 draconian annihilators
  A draconian stormcaller (Depths:4)
  An orc warlord (Vaults:2)
  A spriggan defender (Depths:4)
  5 ironbound thunderhulks
  A quicksilver ooze (shapeshifter) (Vaults:5)
  3 war gargoyles
  14 quicksilver oozes
  20 very ugly things
  A caustic shrike skeleton (Crypt:1)
  14 stone giants
  Nessos (D:13)
  A rockslime zombie (Crypt:1)
  20 vampire knights
  15 green draconians
  9 deep elf annihilators
  22 white draconians
  6 deep elf demonologists
  23 black draconians
  10 red draconians
  4 spark wasps
  20 purple draconians
  11 yellow draconians
  9 dire elephants
  A minotaur (Gauntlet)
  5 eidola
  9 statues (WizLab)
  Snorg (D:11)
  9 ettins
  2 mummy priests (Crypt:2)
  11 deep elf death magi
  A crystal guardian (Vaults:4)
  5 fire dragons
  9 yaktaur captains
  9 merfolk impalers
  9 great orbs of eyes
  Josephine (D:12)
  4 deep elf high priests
  A spectral spriggan (Depths:4)
  8 merfolk javelineers
  The ghost of Domino the Fighter, a journeyman MiBe of Trog (Lair:1)
  8 ice dragons
  12 jiangshi
  4 rakshasas
  3 spriggan zombies
  2 entropy weavers
  A spriggan air mage (Depths:4)
  28 vault guards
  9 anacondas
  2 peacekeepers
  A quicksilver dragon skeleton (Crypt:3)
  7 hydras
  An anaconda (shapeshifter) (Elf:3)
  2 caustic shrike simulacra (Crypt:1)
  9 centaur warriors
  5 death knights
  2 ogre magi
  A juggernaut simulacrum (Crypt:1)
  4 salamander tyrants
  10 two-headed ogres
  5 catoblepae
  5 merfolk avatars
  A fenstrider witch skeleton (Crypt:2)
  4 satyrs
  8 ironbound frosthearts
  18 dancing weapons
  7 deep troll shamans
  3 alligator snapping turtles (Shoals:4)
  A titan zombie (Crypt:3)
  A merfolk aquamancer (Shoals:2)
  5 boulder beetles
  12 deep troll earth magi
  11 naga warriors
  9 death yaks
  7 shock serpents
  6 tengu warriors
  A shock serpent (shapeshifter) (Depths:3)
  14 vampire magi
  Urug (D:10)
  4 orc high priests
  8 spriggan berserkers
  10 deep elf knights
  12 hell knights
  A storm dragon zombie (Crypt:3)
  18 naga sharpshooters
  2 fire crabs (Shoals:4)
  7 iron trolls
  Sonja (D:11)
  A sun demon (Lair:5)
  2 soul eaters
  An emperor scorpion zombie (Crypt:1)
  A golden dragon zombie (Crypt:3)
  6 shadow wraiths
  74 deep trolls
  2 anaconda zombies (Crypt:3)
  7 salamander mystics
  24 skeletal warriors
  A spectral anaconda (Snake:3)
  4 skysharks
  A storm dragon skeleton (Crypt:2)
  8 flayed ghosts
  10 sea snakes
  5 glowing orange brains
  2 spriggan simulacra (Crypt:1)
  A bog body (Crypt:3)
  7 lindwurms
  Pikel (D:4)
  2 fenstrider witch simulacra (Crypt:1)
  A golden dragon skeleton (Crypt:2)
  6 naga ritualists
  22 deep elf zephyrmancers
  A steelbarb worm (shapeshifter) (Vaults:5)
  8 orc knights
  17 ironbound convokers
  12 wizards
  20 deep elf archers
  29 phantasmal warriors
  A wolf spider zombie (Crypt:2)
  33 deep elf pyromancers
  8 harpies (Shoals:3)
  11 mana vipers
  A draconian zombie (Crypt:3)
  2 oklob plants
  A faun (shapeshifter) (Vaults:5)
  9 necromancers
  2 shining eyes
  5 orc sorcerers
  A wolf spider (Vaults:5)
  A fire giant zombie (Depths:1)
  14 fauns
  7 cyclopes
  21 salamanders
  A tengu skeleton (Vaults:3)
  20 moths of wrath
  21 manticores
  36 ugly things
  16 merfolk sirens
  2 dire elephant zombies (Crypt:3)
  3 centaur zombies
  A guardian serpent (Snake:1)
  2 black mambas (shapeshifter)
  8 elephants
  34 black mambas
  A naga zombie (Crypt:3)
  2 gargoyles
  5 eyes of devastation
  13 naga magi
  An emperor scorpion simulacrum (Crypt:1)
  14 cane toads
  A smoke demon (Lair:5)
  3 water nymphs
  15 vault sentinels
  10 rime drakes
  A spectral sea snake (Snake:3)
  19 freezing wraiths
  A yaktaur (shapeshifter) (Elf:3)
  2 centaur skeletons (D:15)
  3 kobold demonologists
  16 tengu conjurers
  11 yaktaurs
  2 bunyip simulacra (Crypt:1)
  3 unseen horrors
  4 ice devils (Lair:5)
  A spark wasp simulacrum (Depths:1)
  3 sea snake skeletons (Snake:3)
  5 anaconda simulacra
  10 komodo dragons
  5 guardian mummies (Crypt:3)
  5 trolls
  A red devil (Lair:5)
  A death yak skeleton (Crypt:3)
  A green draconian skeleton (Crypt:2)
  A shadow dragon simulacrum (Crypt:3)
  3 polar bears
  A wolf spider simulacrum (D:15)
  2 hornets
  A tyrant leech (Gauntlet)
  8 wind drakes
  5 dream sheep
  39 merfolk
  2 ettin zombies
  A merfolk zombie (Crypt:2)
  A guardian serpent zombie (Crypt:2)
  16 snapping turtles
  A stone giant simulacrum (Crypt:1)
  2 harpy skeletons (Crypt:3)
  12 blink frogs
  3 centaur simulacra
  An iron dragon simulacrum (Crypt:1)
  2 guardian serpent skeletons (Snake:3)
  A slime creature (shapeshifter) (Elf:2)
  94 slime creatures
  41 yaks
  5 air elementals
  16 wraiths
  3 wyverns
  10 water elementals
  A dire elephant simulacrum (Crypt:1)
  A shadow (D:10)
  2 fire bats (Shoals:4)
  22 vampires
  An alligator snapping turtle simulacrum (Crypt:1)
  2 basilisks
  A yak (shapeshifter) (Vaults:5)
  2 fire elementals
  3 hogs (D:13)
  16 humans
  3 steam dragons
  6 golden eyes
  4 redbacks
  A redback simulacrum (D:15)
  A tyrant leech zombie (Crypt:3)
  A redback (shapeshifter) (Vaults:4)
  Menkaure (D:4)
  10 vampire mosquitoes
  45 nagas
  2 sea snake simulacra (Snake:3)
  A yaktaur simulacrum (Vaults:3)
  6 swamp worms (Gauntlet)
  A harpy simulacrum (Crypt:1)
  6 acid dragons
  A glowing shapeshifter zombie (Depths:1)
  2 wargs (Orc:1)
  12 water moccasins
  A hydra simulacrum (Lair:1)
  5 hell hounds (Lair:5)
  A cane toad skeleton (Crypt:3)
  A demonspawn skeleton (Crypt:2)
  A glowing shapeshifter skeleton (Crypt:3)
  2 floating eyes
  A merfolk skeleton (Crypt:2)
  11 orc warriors
  A water nymph skeleton (Crypt:1)
  An ogre skeleton (Vaults:3)
  Pargi (Sewer)
  A guardian serpent simulacrum (Snake:3)
  A fire dragon simulacrum (Crypt:1)
  A sky beast (D:7)
  A black bear (D:6)
  An ettin simulacrum (Crypt:1)
  A dream sheep zombie (Crypt:2)
  11 ogres
  17 wolves
  A snapping turtle skeleton (Crypt:2)
  8 centaurs
  A human zombie (Vaults:3)
  A phantom (D:3)
  5 kobold brigands
  Blork the orc (D:6)
  9 bullfrogs
  6 earth elementals
  A wyvern zombie (Crypt:1)
  A gnoll sergeant (D:8)
  4 scorpions
  4 naga simulacra
  5 necrophages
  9 wights
  A hornet simulacrum (D:14)
  8 killer bees (D:9)
  A raiju zombie (Crypt:3)
  A raiju skeleton (Crypt:1)
  7 spectral nagas (Snake:3)
  A swamp dragon simulacrum (Crypt:1)
  14 electric eels
  A shapeshifter skeleton (Crypt:1)
  15 howler monkeys
  2 spriggan skeletons
  3 jellies
  18 orc priests
  Crazy Yiuf (D:5)
  9 hounds
  A gnoll bouda (D:7)
  3 water moccasin simulacra (Lair:1)
  4 iguanas
  20 orc wizards
  2 polar bear simulacra (D:11)
  5 yak simulacra (D:11)
  2 wolf simulacra (D:11)
  A basilisk simulacrum (Lair:1)
  7 mummies (Crypt:3)
  A howler monkey zombie (Crypt:3)
  10 gnolls
  6 adders
  A river rat (D:4)
  A white imp (D:6)
  An adder zombie (Crypt:2)
  An iguana skeleton (Crypt:1)
  A worm (D:4)
  3 dart slugs
  56 orcs
  5 endoplasms
  4 giant cockroaches
  9 goblins
  14 hobgoblins
  2 quokkas (D:3)
  10 ball pythons
  8 bats
  8 frilled lizards
  35 kobolds
  9 rats
  2 river rat simulacra (D:11)
  3 bushes (Lair:4)
  3 tentacles (Shoals:3)
  A toadstool (D:9)
2410 creatures vanquished.

Vanquished Creatures (collateral kills)
  A killer bee (D:9)
  A gnoll (D:3)
  A ball python (Sewer)
  An endoplasm (D:2)
  A hobgoblin (D:4)
  A kobold (D:1)
  2 frilled lizards
8 creatures vanquished.

Vanquished Creatures (others)
  A frost giant (Depths:1)
  A fire giant (Vaults:4)
  A white draconian (Zot:3)
  A human (D:13)
  A killer bee (D:9)
  33 fungi
  139 plants
  9 tentacles
  5 toadstools (D:9)
191 creatures vanquished.

Grand Total: 2609 creatures vanquished

Notes
Turn   | Place    | Note
-------+----------+-------------------------------------------
     0 | D:1      | Angani the Draconian Necromancer began the quest for the
                  | Orb.
     0 | D:1      | Reached XP level 1. HP: 14/14 MP: 3/3
   377 | D:1      | Reached XP level 2. HP: 20/20 MP: 1/5
   728 | D:1      | Learned a level 2 spell: Blink
  1157 | D:2      | Reached XP level 3. HP: 26/26 MP: 5/7
  1322 | D:2      | Reached skill level 1 in Translocations
  1514 | D:2      | Identified the ring of Discord {rPois Will+ SInv}
  1556 | D:2      | Reached XP level 4. HP: 32/33 MP: 5/8
  1603 | D:2      | Found a radiant altar of Vehumet.
  1614 | D:2      | Became a worshipper of Vehumet
  1827 | D:2      | Learned a level 3 spell: Vampiric Draining
  1830 | D:2      | Learned a level 2 spell: Momentum Strike
  1944 | D:3      | Reached skill level 1 in Conjurations
  2031 | D:3      | Reached XP level 5. HP: 38/38 MP: 9/9
  2090 | D:3      | Reached skill level 5 in Necromancy
  2224 | D:3      | Noticed an ogre
  2228 | D:3      | Killed an ogre
  2229 | D:3      | Reached XP level 6. HP: 40/45 MP: 8/11
  2627 | D:3      | Reached * piety under Vehumet
  2627 | D:3      | Offered knowledge of Foxfire by Vehumet.
  3366 | D:4      | Found a glowing drain.
  3375 | Sewer    | Entered a sewer
  3480 | Sewer    | Noticed Pargi
  3490 | Sewer    | Killed Pargi
  3491 | Sewer    | Your scales start taking on an icy white colour.
  3491 | Sewer    | Reached XP level 7. HP: 50/50 MP: 9/13
  3491 | Sewer    | Gained mutation: Your flesh is cold resistant. (rC+) [White
                  | Draconian growth]
  3574 | D:4      | Found a sparkling altar of Nemelex Xobeh.
  3657 | D:4      | Noticed Menkaure
  3668 | D:4      | Killed Menkaure
  3808 | D:4      | Noticed Pikel
  3825 | D:4      | Killed Pikel
  3826 | D:4      | Reached skill level 5 in Spellcasting
  3826 | D:4      | Reached skill level 5 in Translocations
  3826 | D:4      | Reached XP level 8. HP: 57/57 MP: 9/16
  3864 | D:4      | Offered knowledge of Scorch by Vehumet.
  3903 | D:4      | Reached ** piety under Vehumet
  4025 | D:4      | Learned a level 2 spell: Lesser Beckoning
  4030 | D:5      | Entered Level 5 of the Dungeon
  4257 | D:5      | Reached skill level 5 in Conjurations
  4652 | D:5      | Found a runed translucent door.
  4653 | D:5      | Noticed Crazy Yiuf
  4658 | D:5      | Killed Crazy Yiuf
  5302 | D:6      | Reached XP level 9. HP: 55/61 MP: 16/18
  5439 | D:6      | Offered knowledge of Kindle Blastsparks by Vehumet.
  5655 | D:6      | Noticed Blork the orc
  5669 | D:6      | Killed Blork the orc
  5770 | D:6      | Reached *** piety under Vehumet
  5923 | D:6      | Found a staircase to the Ecumenical Temple.
  6418 | D:7      | Offered knowledge of Airstrike by Vehumet.
  6819 | D:8      | Noticed a troll
  6820 | D:8      | Found a staircase to the Lair.
  6881 | D:8      | Killed a troll
  6884 | D:8      | Reached XP level 10. HP: 56/69 MP: 9/21
  7080 | D:8      | Reached skill level 1 in Fighting
  7278 | D:8      | Reached **** piety under Vehumet
  7630 | D:9      | Offered knowledge of Frozen Ramparts by Vehumet.
  7751 | D:9      | Learned a level 3 spell: Frozen Ramparts
  8112 | D:9      | Reached skill level 5 in Fighting
  8120 | D:9      | Reached skill level 5 in Dodging
  8120 | D:9      | Reached skill level 1 in Ice Magic
  8129 | D:9      | Found a shimmering blue altar of Sif Muna.
  8134 | D:9      | Noticed a cyclops
  8134 | D:9      | Noticed a two-headed ogre
  8155 | D:9      | Killed a cyclops
  8161 | D:9      | Killed a two-headed ogre
  8162 | D:9      | Reached skill level 5 in Ice Magic
  8310 | D:9      | Reached XP level 11. HP: 78/86 MP: 23/23
  8339 | D:9      | Noticed a two-headed ogre
  8351 | D:9      | Killed a two-headed ogre
  8841 | D:9      | Found Ohadink's Book Shop.
  8850 | D:9      | Bought a book of Touch for 242 gold pieces
  8850 | D:9      | Bought a book of Ice for 506 gold pieces
  8856 | D:9      | Learned a level 5 spell: Freezing Cloud
  8863 | D:9      | Learned a level 6 spell: Simulacrum
  8966 | Lair:1   | Entered Level 1 of the Lair of Beasts
  8966 | Lair:1   | Found a runed translucent gate.
  8966 | Lair:1   | Found a runed translucent gate.
  8966 | Lair:1   | Found a runed translucent gate.
  9129 | Lair:1   | Reached ***** piety under Vehumet
  9129 | Lair:1   | Offered knowledge of Conjure Ball Lightning by Vehumet.
  9201 | Lair:1   | Reached skill level 10 in Ice Magic
  9605 | Lair:1   | Noticed Domino's ghost (journeyman MiBe)
  9912 | Lair:1   | Learned a level 4 spell: Dispel Undead
  9918 | Lair:1   | Killed Domino's ghost
  9919 | Lair:1   | Reached skill level 1 in Air Magic
 10153 | Lair:1   | Got the ring of Efohas {Fire Str+2 Int+3}
 10233 | Lair:2   | Reached XP level 12. HP: 81/94 MP: 24/24
 10358 | Lair:2   | Reached skill level 5 in Air Magic
 10413 | Lair:2   | Noticed a seven-headed hydra
 10419 | Lair:2   | Killed a seven-headed hydra
 10420 | Lair:2   | Noticed a death yak
 10422 | Lair:2   | Noticed a death yak
 10423 | Lair:2   | Noticed a death yak
 10424 | Lair:2   | Noticed a death yak
 10427 | Lair:2   | Killed a death yak
 10431 | Lair:2   | Killed a death yak
 10432 | Lair:2   | Killed a death yak
 10436 | Lair:2   | Killed a death yak
 10781 | Lair:2   | Noticed a catoblepas
 10792 | Lair:2   | Killed a catoblepas
 11078 | Lair:2   | Found a staircase to the Shoals.
 11276 | Lair:3   | Noticed a catoblepas
 11426 | Lair:3   | Found a staircase to the Snake Pit.
 11447 | Lair:3   | Killed a catoblepas
 11447 | Lair:3   | Offered knowledge of Starburst by Vehumet.
 11951 | Lair:3   | Noticed a six-headed hydra
 11957 | Lair:3   | Reached XP level 13. HP: 100/100 MP: 16/25
 11964 | Lair:3   | Reached skill level 15 in Ice Magic
 13220 | Lair:5   | Entered Level 5 of the Lair of Beasts
 13285 | Lair:5   | Reached skill level 10 in Spellcasting
 13891 | Lair:5   | Learned a level 5 spell: Metabolic Englaciation
 13898 | Lair:5   | Learned a level 6 spell: Simulacrum
 14217 | Lair:5   | Noticed a dire elephant
 14227 | Lair:5   | Killed a dire elephant
 14244 | Lair:5   | Reached XP level 14. HP: 87/107 MP: 21/31
 14342 | Lair:5   | Offered knowledge of Irradiate by Vehumet.
 14351 | Lair:5   | Learned a level 5 spell: Irradiate
 14517 | Lair:5   | Found a staircase to the Slime Pits.
 14885 | Lair:5   | Found a burning altar of Makhleb.
 15176 | Lair:5   | Found a gateway to Hell.
 15416 | D:10     | Entered Level 10 of the Dungeon
 15520 | D:10     | Found a staircase to the Orcish Mines.
 16124 | D:10     | Found a broken altar of Ashenzari.
 16127 | D:10     | Found a glowing golden altar of the Shining One.
 16131 | D:10     | Found a white marble altar of Elyvilon.
 16253 | D:10     | You fall into a shaft and drop 2 floors!
 16348 | D:12     | Found a gate leading to a gauntlet.
 16352 | Gauntlet | Entered a Gauntlet
 16352 | Gauntlet | Found a transporter.
 16359 | Gauntlet | Found a transporter.
 16361 | Gauntlet | Found a transporter.
 16366 | Gauntlet | Found a runed translucent door.
 16366 | Gauntlet | Found a runed translucent door.
 16371 | Gauntlet | Found a transporter.
 16374 | Gauntlet | Found a transporter.
 16386 | Gauntlet | Found a transporter.
 16403 | Gauntlet | Found a transporter.
 16414 | Gauntlet | Found a transporter.
 16421 | Gauntlet | Found a runed translucent gate.
 16421 | Gauntlet | Found a runed translucent gate.
 16421 | Gauntlet | Found a runed translucent gate.
 16425 | Gauntlet | Found a transporter.
 16430 | Gauntlet | Found a transporter.
 16430 | Gauntlet | Found a transporter.
 16457 | Gauntlet | Found a transporter.
 16457 | Gauntlet | Found a transporter.
 16511 | Gauntlet | Found a transporter.
 16842 | Gauntlet | Identified the +1 pair of gloves of Spring {rC- Will+
                  | Str+2}
 17100 | Gauntlet | Identified the ring "Ipola" {Will- EV+5 Str+4 Int+3 Dex+6}
 17106 | Gauntlet | Identified the +6 whip of Dissent {heavy, rF+ Str+2 Int-2}
 17200 | Gauntlet | Identified the ring of Fus Feum {Fly rPois Slay+5}
 17572 | D:10     | Offered knowledge of Iskenderun's Battlesphere by Vehumet.
 17631 | D:10     | Noticed Urug
 17637 | D:10     | Killed Urug
 18104 | D:11     | Noticed Snorg
 18113 | D:11     | Killed Snorg
 18114 | D:11     | Reached skill level 15 in Spellcasting
 18114 | D:11     | Reached skill level 1 in Polearms
 18349 | D:11     | Noticed Sonja
 18351 | D:11     | Killed Sonja
 19436 | D:12     | Identified the +9 trident "Ucejytu" {drain, rC- Will++
                  | Str+2 Stlth+}
 19506 | D:12     | Reached skill level 5 in Polearms
 19634 | D:13     | Found a gate to the Vaults.
 19707 | D:13     | Noticed Nessos
 19715 | D:13     | Killed Nessos
 19866 | D:13     | Noticed Josephine
 19875 | D:12     | Gained mutation: You sometimes lose your temper in combat.
                  | [mutagenic glow]
 19938 | D:12     | Lost mutation: You sometimes lose your temper in combat.
                  | [potion of mutation]
 19938 | D:12     | Gained mutation: Your magical capacity is low. (-10% MP)
                  | [potion of mutation]
 19938 | D:12     | Gained mutation: You have sharp toenails. [potion of
                  | mutation]
 19938 | D:12     | Gained mutation: Your flesh is very cold resistant. (rC++)
                  | [potion of mutation]
 19947 | D:12     | Killed Josephine
 20275 | D:13     | Offered knowledge of Eringya's Noxious Bog by Vehumet.
 20302 | D:13     | Noticed Kirke
 20306 | D:13     | Reached XP level 15. HP: 113/113 MP: 26/30
 20311 | D:13     | Killed Kirke
 21172 | D:14     | Reached skill level 10 in Polearms
 21662 | D:15     | Entered Level 15 of the Dungeon
 22173 | D:15     | Found a burning altar of Makhleb.
 22208 | D:15     | Offered knowledge of Lightning Bolt by Vehumet.
 22277 | D:15     | Identified a scroll of acquirement
 22277 | D:15     | Acquired Sif Muna's Writings on Twisted Filth
 22690 | D:15     | Found a staircase to the Depths.
 22882 | Orc:1    | Entered Level 1 of the Orcish Mines
 22954 | Orc:1    | Found a transporter.
 22958 | Orc:1    | Noticed Fatsamen's ghost (journeyman MiMo)
 22980 | Orc:1    | Found a transporter.
 23015 | Orc:1    | Found Cej Bavi's Gadget Gallery.
 23355 | Orc:2    | Entered Level 2 of the Orcish Mines
 23663 | Orc:2    | Found a staircase to the Elven Halls.
 23952 | Orc:2    | Found Fegiwaf's Jewellery Shop.
 23952 | Orc:2    | Found Sakk's General Store.
 23956 | Orc:2    | Found Girph's Magic Scroll Shop.
 23956 | Orc:2    | Found Qeydypus's Magic Scroll Shoppe.
 23971 | Orc:2    | Bought a scroll of enchant weapon for 120 gold pieces
 23973 | Orc:2    | Bought a scroll of identify for 26 gold pieces
 23973 | Orc:2    | Bought a scroll of identify for 26 gold pieces
 23973 | Orc:2    | Bought a scroll of identify for 26 gold pieces
 23977 | Orc:2    | Bought a scroll of identify for 32 gold pieces
 23987 | Orc:2    | Bought a scroll of fog for 64 gold pieces
 23987 | Orc:2    | Bought 2 scrolls of fog for 128 gold pieces
 23988 | Orc:2    | Bought a scroll of fear for 52 gold pieces
 23988 | Orc:2    | Bought a scroll of amnesia for 52 gold pieces
 23988 | Orc:2    | Bought a scroll of teleportation for 39 gold pieces
 23988 | Orc:2    | Bought a scroll of teleportation for 39 gold pieces
 23990 | Orc:2    | Bought the ring "Oches" {rF++ SInv} for 513 gold pieces
 24130 | Elf:1    | Entered Level 1 of the Elven Halls
 24207 | Elf:1    | Reached XP level 16. HP: 106/119 MP: 31/31
 25890 | Elf:1    | Paralysed by an air elemental for 1 turns
 26634 | Elf:1    | Paralysed by an air elemental for 1 turns
 26901 | Elf:2    | Reached ****** piety under Vehumet
 26901 | Elf:2    | Offered knowledge of Ozocubu's Refrigeration by Vehumet.
 27046 | Elf:1    | Learned a level 7 spell: Ozocubu's Refrigeration
 27419 | Elf:2    | Found the +15 Maxwell's patent armour {-Cast -Tele rElec
                  | Will+ rCorr}
 27545 | Elf:2    | Found a shimmering altar of Xom.
 27681 | Elf:2    | Reached skill level 10 in Fighting
 27849 | Elf:2    | Found a runed translucent gate.
 27850 | Elf:2    | Found a runed translucent gate.
 27850 | Elf:2    | Found a runed translucent gate.
 27976 | Elf:3    | Entered Level 3 of the Elven Halls
 27990 | Elf:3    | Found a magical portal.
 28012 | WizLab   | Entered Iskenderun's Mystic Tower
 29029 | WizLab   | Reached XP level 17. HP: 58/140 MP: 25/32
 29534 | WizLab   | Reached skill level 10 in Dodging
 30323 | WizLab   | Learned a level 4 spell: Airstrike
 30637 | WizLab   | HP: 7/140 [tengu conjurer/bolt of lightning (32)]
 31990 | WizLab   | Got the Dissertation on Arctic Charms
 32040 | WizLab   | Got Iskenderun's Directory of Conjuration
 32040 | WizLab   | Got Iskenderun's Quarto of Arcane Combat
 32551 | Elf:3    | Found Hipayn's General Store.
 32727 | Elf:3    | Noticed a deep elf master archer
 32730 | Elf:3    | Killed a deep elf master archer
 32733 | Elf:3    | Paralysed by an air elemental for 1 turns
 32737 | Elf:3    | Paralysed by an air elemental for 1 turns
 33111 | Elf:3    | Found Xecsuon's Magic Scroll Shoppe.
 33523 | Elf:3    | Noticed a deep elf master archer
 33527 | Elf:3    | Killed a deep elf master archer
 33966 | Elf:3    | Noticed a deep elf blademaster
 33973 | Elf:3    | Killed a deep elf blademaster
 34114 | Elf:3    | Got Cigotuvi's Secrets of Dark Acts
 34149 | Elf:3    | Identified the +2 pair of gloves "Miosyrchom" {rC+ Str-5
                  | Stlth+}
 34290 | Elf:3    | Noticed a deep elf blademaster
 34295 | Elf:3    | Killed a deep elf blademaster
 34691 | Elf:3    | Identified the amulet of the Firefly {rF+ Regen+}
 34728 | Elf:3    | Bought a scroll of acquirement for 988 gold pieces
 34728 | Elf:3    | Acquired 840 gold pieces
 35080 | Snake:1  | Entered Level 1 of the Snake Pit
 35170 | Snake:1  | Noticed Aizul
 35173 | Snake:1  | Noticed Jorgrun
 35290 | Lair:3   | Killed Aizul
 35386 | Snake:1  | Killed Jorgrun
 35649 | Snake:1  | Reached XP level 18. HP: 133/147 MP: 13/34
 37562 | Snake:2  | Offered knowledge of Shatter by Vehumet.
 37562 | Snake:2  | Offered knowledge of Chain Lightning by Vehumet.
 37562 | Snake:2  | Offered knowledge of Ignition by Vehumet.
 38084 | Snake:2  | Learned a level 9 spell: Polar Vortex
 39044 | Snake:3  | Noticed Vashnia
 39065 | Snake:3  | HP: 2/147 [Vashnia/bolt (38)]
 39067 | Snake:3  | Killed Vashnia
 39367 | Snake:3  | Found Zuetas's Antique Armour Shoppe.
 39370 | Snake:3  | Found Pedeh's Armour Emporium.
 40123 | Shoals:1 | Entered Level 1 of the Shoals
 41176 | Shoals:2 | Noticed Roxanne
 41670 | Shoals:2 | Reached XP level 19. HP: 154/154 MP: 36/36
 42201 | Shoals:3 | Noticed Ilsuiw
 42218 | Shoals:3 | Killed Ilsuiw
 42580 | Shoals:3 | Found Tuwnied's Self-Improvement Boutique.
 42667 | Shoals:3 | Bought a manual of Spellcasting for 1120 gold pieces
 42672 | Shoals:3 | Found Bofuviexta's Jewellery Emporium.
 42951 | Shoals:3 | Found Fitoxta's Antique Weapon Shop.
 43485 | Shoals:4 | Entered Level 4 of the Shoals
 44642 | Shoals:4 | Got a barnacled rune of Zot
 45677 | Snake:4  | Entered Level 4 of the Snake Pit
 46760 | Snake:4  | Reached XP level 20. HP: 138/161 MP: 11/36
 47351 | Snake:4  | Got a serpentine rune of Zot
 47630 | Vaults:1 | Entered Level 1 of the Vaults
 47682 | Vaults:1 | Found a portal to a secret trove of treasure.
 47974 | Vaults:1 | Identified the +8 arbalest "Dunnez" {speed, rF+++ rC-}
 48420 | Vaults:1 | Found Racka's Antique Armour Shoppe.
 49643 | Vaults:2 | Reached skill level 27 in Ice Magic
 51475 | Vaults:3 | Found a staircase to the Crypt.
 51475 | Vaults:3 | Found a basalt altar of Yredelemnul.
 51476 | Vaults:3 | Found an ancient bone altar of Kikubaaqudgha.
 51782 | Vaults:3 | Reached XP level 21. HP: 160/168 MP: 29/40
 52456 | Vaults:3 | Learned a level 6 spell: Simulacrum
 53326 | Vaults:4 | Noticed Sojobo
 53880 | Vaults:4 | Reached skill level 5 in Stealth
 54149 | Vaults:4 | Killed Sojobo
 54755 | Crypt:1  | Entered Level 1 of the Crypt
 55079 | Crypt:1  | Paralysed by a vampire knight for 2 turns
 55245 | Crypt:1  | Noticed Dassydak's ghost (adept GrFi)
 55251 | Crypt:1  | Found a runed translucent gate.
 55251 | Crypt:1  | Found a runed translucent gate.
 55253 | Crypt:1  | Found a runed translucent gate.
 57405 | Crypt:2  | Reached XP level 22. HP: 142/182 MP: 14/41
 59318 | Crypt:2  | Found an ancient bone altar of Kikubaaqudgha.
 59583 | Crypt:3  | Entered Level 3 of the Crypt
 59587 | Crypt:3  | Noticed Mennas
 60556 | Crypt:3  | Noticed Xtahua
 61122 | Crypt:3  | Reached skill level 10 in Necromancy
 61434 | Crypt:3  | Found a staircase to the Tomb.
 61620 | Crypt:3  | Killed Xtahua
 61828 | Crypt:3  | Killed Mennas
 61997 | Crypt:3  | Got the Volume of Alteration
 62195 | Crypt:3  | Identified the +4 ring mail "Olonorgh" {Drain rF++}
 62593 | Crypt:3  | Noticed Jory
 62600 | Crypt:3  | Killed Jory
 63581 | Slime:1  | Entered Level 1 of the Pits of Slime
 63598 | Lair:5   | Reached skill level 15 in Fighting
 64186 | Slime:2  | Noticed Dissolution
 64198 | Slime:2  | Gained mutation: You are dopey. (Int -2) [a shining eye]
 64201 | Slime:2  | Reached XP level 23. HP: 200/200 MP: 39/42
 64202 | Slime:2  | Killed Dissolution
 65071 | Slime:4  | Reached skill level 15 in Dodging
 65099 | Slime:5  | Entered Level 5 of the Pits of Slime
 65233 | Slime:5  | Noticed the Royal Jelly
 65792 | Slime:5  | Killed the Royal Jelly
 65958 | Slime:5  | Identified the ring of Heiroini {Fly rCorr Str-3 Int+5}
 65961 | Slime:5  | Got a slimy rune of Zot
 66030 | Slime:5  | Identified the ring "Fobaman" {AC+4 Int+4}
 66040 | Slime:5  | Identified the +2 glaive of Jegecueto {vamp, rF+ Str-4
                  | Stlth+}
 66045 | Slime:5  | Got the Omnibus of Ceraunoscopy and the Volcano
 66384 | Vaults:1 | You showed the slimy rune of Zot to enter a treasure trove
 66385 | Trove    | Entered a treasure trove
 66411 | Trove    | Got the Secrets of Despicable Liturgies and Attendants
 66433 | Trove    | Got Sif Muna's Omnibus of Glacial Formation
 66445 | Trove    | Got Ytoigof's Handbook of Summoning
 66450 | Trove    | Got Sif Muna's Atlas of Ghastly Power
 66461 | Trove    | Got Sif Muna's Compilation of Orientation and Formation
 66669 | Vaults:5 | Entered Level 5 of the Vaults
 66674 | Vaults:5 | Reached skill level 5 in Shields
 67060 | Vaults:5 | Noticed Bai Suzhen
 67086 | Vaults:4 | Killed Bai Suzhen
 67311 | Vaults:5 | Noticed Boris
 67378 | Vaults:4 | Reached skill level 10 in Shields
 67693 | Vaults:5 | Killed Boris
 67694 | Vaults:5 | Reached XP level 24. HP: 191/205 MP: 26/42
 68279 | Vaults:5 | Got a silver rune of Zot
 68582 | Vaults:5 | Noticed an ancient lich
 68587 | Vaults:5 | Killed an ancient lich
 68634 | Vaults:5 | Identified the +0 robe of Greater Demons {Drain +Blink
                  | Str-5 SInv}
 68716 | Vaults:5 | Identified the +8 war axe "Axtoin" {heavy, rC+ Dex+3
                  | Stlth+}
 68843 | Vaults:5 | Identified the +0 buckler of Defence {Will- Str+3 Dex+4}
 69049 | Vaults:5 | Noticed an ancient lich
 69053 | Vaults:5 | Killed an ancient lich
 69319 | Depths:1 | Entered Level 1 of the Depths
 69515 | Depths:1 | Identified the +2 leather armour of Luk Jinn {rElec rC+
                  | Slay+3}
 69927 | Depths:1 | Found a one-way gate to the infinite horrors of the Abyss.
 70251 | Depths:1 | Found a one-way gate leading to the halls of Pandemonium.
 70698 | Depths:2 | Found a one-way gateway to a ziggurat.
 70705 | Depths:2 | Got the Teachings on Misfortune and the Inferno
 72157 | Depths:3 | Reached XP level 25. HP: 52/223 MP: 30/46
 73310 | Depths:4 | Entered Level 4 of the Depths
 73403 | Depths:4 | Found a sparkling altar of Nemelex Xobeh.
 73733 | Depths:4 | Found a gate to the Realm of Zot.
 74112 | Depths:4 | Found a hazy altar of Hepliaklqana.
 74175 | Zot:1    | Entered Level 1 of the Realm of Zot
 74339 | Depths:4 | Learned a level 6 spell: Dispersal
 74348 | Depths:4 | Learned a level 8 spell: Disjunction
 75252 | Zot:1    | Reached skill level 27 in Spellcasting
 75285 | Zot:1    | Lost mutation: Your magical capacity is low. (-10% MP)
                  | [potion of mutation]
 75285 | Zot:1    | Lost mutation: You are dopey. (Int -2) [potion of mutation]
 75285 | Zot:1    | Gained mutation: Your magical capacity is low. (-10% MP)
                  | [potion of mutation]
 75286 | Zot:1    | Lost mutation: Your magical capacity is low. (-10% MP)
                  | [potion of mutation]
 75286 | Zot:1    | Lost mutation: Your flesh is very cold resistant. (rC++)
                  | [potion of mutation]
 75286 | Zot:1    | Gained mutation: You sometimes lose your temper in combat.
                  | [potion of mutation]
 75286 | Zot:1    | Gained mutation: You are somewhat resistant to further
                  | mutation. [potion of mutation]
 75287 | Zot:1    | Lost mutation: You are somewhat resistant to further
                  | mutation. [potion of mutation]
 75287 | Zot:1    | Lost mutation: You sometimes lose your temper in combat.
                  | [potion of mutation]
 75287 | Zot:1    | Lost mutation: You have sharp toenails. [potion of
                  | mutation]
 75287 | Zot:1    | Gained mutation: You occasionally shout uncontrollably at
                  | your foes. [potion of mutation]
 75287 | Zot:1    | Gained mutation: You have a somewhat thin skeletal
                  | structure. (Dex +2, Stealth+) [potion of mutation]
 76300 | Zot:2    | Reached skill level 10 in Translocations
 76502 | Zot:2    | Found the +4 dragonskin cloak
 76502 | Zot:2    | Noticed Tiamat
 76532 | Zot:2    | Gained mutation: You are frail. (-10% HP) [mutagenic glow]
 76653 | Zot:1    | Lost mutation: You have a somewhat thin skeletal structure.
                  | (Dex +2, Stealth+) [potion of mutation]
 76653 | Zot:1    | Lost mutation: You occasionally shout uncontrollably at
                  | your foes. [potion of mutation]
 76653 | Zot:1    | Lost mutation: You are frail. (-10% HP) [potion of
                  | mutation]
 76653 | Zot:1    | Gained mutation: Your flesh is very cold resistant. (rC++)
                  | [potion of mutation]
 76653 | Zot:1    | Gained mutation: You do not regenerate when monsters are
                  | visible. [potion of mutation]
 76653 | Zot:1    | Gained mutation: You occasionally shout uncontrollably at
                  | your foes. [potion of mutation]
 76654 | Zot:1    | Lost mutation: You do not regenerate when monsters are
                  | visible. [potion of mutation]
 76654 | Zot:1    | Lost mutation: You occasionally shout uncontrollably at
                  | your foes. [potion of mutation]
 76654 | Zot:1    | Gained mutation: You occasionally lose the ability to drink
                  | potions when taking damage. [potion of mutation]
 76654 | Zot:1    | Gained mutation: You have a pair of small antennae on your
                  | head. [potion of mutation]
 76655 | Zot:1    | Lost mutation: You have a pair of small antennae on your
                  | head. [potion of mutation]
 76655 | Zot:1    | Lost mutation: You occasionally lose the ability to drink
                  | potions when taking damage. [potion of mutation]
 76655 | Zot:1    | Gained mutation: Your system is resistant to poisons.
                  | (rPois) [potion of mutation]
 76655 | Zot:1    | Gained mutation: Your large and strong wings let you fly.
                  | [potion of mutation]
 76998 | Depths:4 | Killed Tiamat
 77732 | Zot:2    | Reached XP level 26. HP: 219/231 MP: 25/54
 78557 | Zot:3    | Learned a level 8 spell: Maxwell's Capacitive Coupling
 78874 | Zot:3    | Found a broken altar of Ashenzari.
 79364 | Zot:4    | Reached skill level 10 in Air Magic
 79982 | Zot:5    | Entered Level 5 of the Realm of Zot
 80091 | Zot:5    | Noticed an orb of fire
 80095 | Zot:5    | Got the Orb of Zot
 80097 | Zot:5    | Noticed Ginnuic the pandemonium lord
 80599 | D:$      | Escaped with the Orb!

Illustrated notes

Levels and vault maps discovered:
D:1:      roderic_crossed_star, layout_basic, chequers_jeans
D:2:      layout_rooms, basic_altar
D:3:      layout_loops_corners
D:4:      layout_basic, kennysheep_mini, portal_sewer_entry_b, minivault_19,
          uniq_robin, uniq_pikel, uniq_menkaure
D:5:      layout_basic, minmay_misc_feat_hallway, chequers_serial_rivers_room_a,
          uniq_crazy_yiuf_cottage
D:6:      layout_rooms, temple_hall, hellmonk_bongcloud_opening,
          uniq_blork_the_orc
D:7:      layout_cave_pools, minmay_misc_feat_alley
D:8:      layout_rooms, erik_lair_island
D:9:      hangedman_cross_stitches, layout_loops_ring,
          nicolae_sif_muna_condensation, serial_shops, shop_statue,
          minmay_gold_behind_fungi, nicolae_sextant
D:10:     layout_basic, grunt_temple_overflow_diamond, orc_0_dummy,
          serial_bayou_pond_b, uniq_urug
D:11:     layout_small_grid, eino_house_with_fridge, uniq_snorg, uniq_sonja
D:12:     layout_loops_corners, gauntlet_entry_generic,
          portal_ice_cave_entry_pillars_1
D:13:     layout_cave_pools, david_vaults_3, serial_park, serial_park_avenue1,
          serial_park_square2, serial_park_square3
          [serial_park_minivault_5x5_1], serial_park_tiny_2,
          chequers_serial_rivers_micro_b, uniq_kirke, uniq_josephine,
          uniq_nessos
D:14:     layout_rooms, chequers_serial_rivers_marsh, grunt_decor_one_mirror
D:15:     grunt_enter_depths_magical_seal, layout_cave_pools, bloody_makhleb,
          nicolae_figureground_pulse
Lair:1:   layout_chaotic_city, gammafunk_ghost_icy,
          chequers_serial_rivers_micro_e
Lair:2:   layout_gridlike, elwin_shoals_entry_rocks, serial_bayou,
          serial_bayou_pond_b, serial_bayou_pond_d, serial_bayou_lake_a,
          serial_bayou_pond_a
Lair:3:   layout_cave_pods, minmay_snake_entry_guardpost_small
Lair:4:   layout_concentric_octagons, minmay_lair_oklob_bushes,
          grunt_megastairs_5, lemuel_fruit_tree
Lair:5:   evil_forest, layout_regular_city, slime_entry_1,
          chequers_serial_rivers_large_a, infiniplex_staircase_pool
Shoals:1: nicolae_shoals_deep_elves_summer_vacation, layout_shoals
Shoals:2: layout_shoals, uniq_roxanne
Shoals:3: layout_shoals, serial_shops, nicolae_shop_hallway_stairs,
          nicolae_diamond_shop, nicolae_shop_self_help, uniq_ilsuiw
Shoals:4: shoals_end_simple, layout_shoals, hangedman_shoal_volcano
Snake:1:  layout_misc_corridors, nicolae_snake_ghostly_warrior_ritual,
          uniq_aizul, uniq_jorgrun
Snake:2:  layout_misc_corridors, nicolae_snake_salamander_stairs
Snake:3:  layout_concentric_octagons, nicolae_snake_the_dead_are_slithering,
          nicolae_triple_integral, minmay_shoptagon, uniq_vashnia
Snake:4:  minmay_snake_end_coiled, layout_misc_corridors,
          nicolae_snake_round_shape_thing
Slime:1:  layout_caves, cheibrodos_slime_lost_civilization_6
Slime:2:  layout_caves, nicolae_slime_ancient_tower_intersection,
          uniq_dissolution
Slime:3:  layout_caves
Slime:4:  layout_caves, nicolae_slime_phagocytosis
Slime:5
Orc:1:    layout_diamond_mine, basic_altar, gammafunk_ghost_stat_death,
          nicolae_shop_gadgets
Orc:2:    grunt_orc_tribal_feast, layout_caves
Elf:1:    layout_loops_corners, evilmike_minifort
Elf:2:    nicolae_elf_blades_crystal_corner, layout_loops_ring, basic_altar,
          nicolae_elf_shapeshifter_party
Elf:3:    grunt_elf_hall_spiral, layout_loops_corners, mu_enter_wizlab_1,
          serial_shops, nicolae_shop_trees,
          nicolae_shop_temple_entry_statues_fountains,
          nicolae_concentric_dashed_squares_mild
Vaults:1: vaults_dpeg_doors, vaults_dpeg_spiral,
          nicolae_vaults_diagonal_hallway_6, nicolae_vaults_diagonal_hallway_8,
          vaults_mumra_chevron, nicolae_vaults_little_squares_3,
          nicolae_vaults_network_s, nicolae_vaults_little_squares_4, v_misc_16,
          ontoclasm_vaults_pinch, nicolae_vaults_yaktaur_gun_rack, v_misc_30,
          layout_vaults_ring, nicolae_trove_entry_crossroad, serial_shops, shop
Vaults:2: hangedman_vaults_hat, vaults_standard_mumra_x,
          nicolae_vaults_network_periphery, nicolae_vaults_shelves_hall,
          v_misc_11, hangedman_vaults_maws, nicolae_vaults_alarming,
          nicolae_vaults_little_squares_3, ontoclasm_vaults_loading_screen,
          hangedman_vaults_stretched_pinwheel, grunt_vaults_hallway_short,
          layout_vaults_omnicross
Vaults:3: minmay_crypt_entry_necro_gods, dpeg_vaults_monster_row,
          nicolae_vaults_little_ls, nicolae_vaults_sealed_display,
          hangedman_vaults_slice, nicolae_vaults_little_squares_1, v_rooms_2,
          nicolae_vaults_asterisk, vaults_dpeg_hooks, layout_vaults_chaotic_city
Vaults:4: v_misc_28, v_misc_4, hangedman_vaults_impose, nicolae_vaults_theta,
          dpeg_vaults_waves, nicolae_vaults_little_squares_6,
          hangedman_vaults_restitches, layout_vaults_omnigrid, uniq_sojobo
Vaults:5: uniq_boris, uniq_bai_suzhen
Crypt:1:  layout_misc_corridors, gammafunk_ghost_split, minmay_misc_feat_cross,
          st_chilly_death
Crypt:2:  cheibrodos_crypt_down_in_the_bonehoard, layout_gridlike,
          lemuel_upstairs_altar
Crypt:3:  due_elkab, layout_chaotic_city, nicolae_tomb_entry_grand_gallery,
          uniq_xtahua, uniq_mennas
Depths:1: layout_honeycomb, abyss_entry_small_statue_room,
          grunt_pan_entry_in_and_out, pf_dread_powers_of_hell, grunt_tough_drop
Depths:2: minmay_blocking_statues, layout_cave_shapes, enter_ziggurat_c,
          hell_entry, rand_demon_pan_entry_9, minmay_misc_feat_plants
Depths:3: grunt_x_marks_the_spot, layout_honeycomb, pf_hell_entry_tar_spiral,
          chequers_decorated_corner, abyss_entry_glasseish
Depths:4: grunt_zot_entry_alcove, layout_cave_pools, nemelex_spade_bored_becter,
          hell_entry, nicolae_hepliaklqana_monster_ancestors,
          serial_bayou_shore_b
Zot:1:    layout_misc_corridors
Zot:2:    layout_onion_interference, uniq_tiamat
Zot:3:    grunt_twist_and_shout, layout_cathedral_of_symmetry, basic_altar
Zot:4:    layout_misc_corridors
Zot:5:    layout_misc_corridors

Skill      XL: |  1  2  3  4  5  6  7  8  9 10 11 12 13 14 15 16 17 18 19 20 21 22 23 24 25 26 |
---------------+-------------------------------------------------------------------------------+-----
Translocations | 1 2 3 5 6 7 8 11 14 | 14.6
Spellcasting   | 3 4 5 6 7 8 13 15 16 17 19 20 24 27 | 27.0
Conjurations   | 1 2 3 4 5 7 8 |  8.0
Necromancy     | 5 6 7 10 | 10.0
Fighting       | 5 10 12 15 17 | 17.7
Dodging        | 5 9 10 12 14 15 | 15.0
Ice Magic      | 5 12 14 15 17 21 24 27 | 27.0
Air Magic      | 3 8 9 11 | 11.2
Polearms       | 7 14 | 14.0
Stealth        | 5 |  5.3
Shields        | 10 12 | 12.7

Action                     |  1- 3 |  4- 6 |  7- 9 | 10-12 | 13-15 | 16-18 | 19-21 | 22-24 | 25-27 || total
---------------------------+-------+-------+-------+-------+-------+-------+-------+-------+-------++-------
  Melee: Unarmed           |    30 |       |       |       |       |       |       |       |       ||    30
         Tailslap          |    11 |    14 |    30 |    50 |    42 |    42 |   107 |   130 |    98 ||   524
         Dagger            |    14 |   152 |   229 |   315 |   156 |       |       |       |       ||   866
         Punch             |       |     1 |     3 |     3 |     1 |     5 |    11 |     5 |       ||    29
         Demon trident     |       |       |       |       |   148 |   336 |   715 |   627 |   543 ||  2369
   Cast: Necrotise         |    64 |    46 |    46 |    30 |       |       |       |       |       ||   186
         Vampiric Draining |       |     4 |    13 |    51 |    55 |     3 |       |       |       ||   126
         Momentum Strike   |       |     2 |    39 |    14 |     1 |       |       |       |       ||    56
         Blink             |       |     1 |     7 |     7 |       |       |       |       |       ||    15
         Lesser Beckoning  |       |       |     4 |     4 |    13 |     4 |    10 |   101 |     3 ||   139
         Frozen Ramparts   |       |       |       |     8 |     6 |     7 |     2 |       |       ||    23
         Freezing Cloud    |       |       |       |    69 |   287 |   192 |   198 |    16 |    33 ||   795
         Dispel Undead     |       |       |       |    11 |    43 |    11 |   134 |   260 |    11 ||   470
         Metabolic Englaci |       |       |       |       |     4 |       |       |       |       ||     4
         Irradiate         |       |       |       |       |    26 |    28 |       |    19 |    11 ||    84
         Ozocubu's Refrige |       |       |       |       |       |   216 |   152 |    53 |    21 ||   442
         Airstrike         |       |       |       |       |       |    78 |     4 |    15 |    22 ||   119
         Polar Vortex      |       |       |       |       |       |     1 |    36 |    81 |    57 ||   175
Ability: Breathe Frost     |       |       |    18 |    18 |    10 |     6 |     1 |     4 |       ||    57
  Evoke: Wand              |       |     1 |       |     1 |       |     1 |       |       |       ||     3
         Condenser vane    |       |       |       |       |       |       |       |     1 |     1 ||     2
         Box of beasts     |       |       |       |       |       |       |       |     1 |       ||     1
         Phial of floods   |       |       |       |       |       |       |       |     1 |       ||     1
    Use: Scroll            |       |     8 |     6 |    13 |    18 |     9 |     7 |     9 |    13 ||    83
         Potion            |       |     1 |     1 |       |     1 |     6 |     2 |     9 |    13 ||    33
   Stab: Sleeping          |     1 |     1 |     1 |       |     1 |     7 |     9 |    15 |     9 ||    44
         Distracted        |       |       |       |       |     3 |     8 |    12 |    18 |    11 ||    52
 Armour: Skin              |    11 |    80 |   145 |   262 |   185 |    94 |   207 |   345 |   135 ||  1464
  Dodge: Dodged            |    31 |   113 |   198 |   305 |   327 |   142 |   328 |   581 |   236 ||  2261
  Block: Kite shield       |       |       |       |       |       |       |       |   157 |   298 ||   455

Table legend: (Time is in decaauts)
 A = Elapsed time spent in this place.
 B = Non-inter-level travel time spent in this place.
 C = Inter-level travel time spent in this place.
 D = Time resting spent in this place.
 E = Time spent auto-exploring this place.
 F = Levels seen in this place.
 G = Mean time per level.
                   A        B        C        D        E       F      G
               +--------+--------+--------+--------+--------+-----+--------+
         Total |  80317 |  75282 |   5035 |  20988 |  39504 |  59 | 1361.3 |
       Dungeon |  16317 |  14896 |   1421 |   2074 |   9605 |  15 | 1087.8 |
          Lair |   7680 |   6986 |    694 |   1764 |   3985 |   5 | 1536.0 |
        Shoals |   5671 |   5452 |    219 |   1131 |   3354 |   4 | 1417.8 |
     Snake Pit |   6226 |   5937 |    289 |   1754 |   3202 |   4 | 1556.5 |
    Slime Pits |   2268 |   2196 |     72 |    839 |    764 |   5 |  453.6 |
  Orcish Mines |   1538 |   1453 |     85 |    348 |    833 |   2 |  769.0 |
   Elven Halls |   6292 |   5938 |    354 |   1922 |   2915 |   3 | 2097.3 |
        Vaults |  10120 |   9209 |    911 |   2463 |   5299 |   5 | 2024.0 |
         Crypt |   8395 |   8059 |    336 |   3039 |   3457 |   3 | 2798.3 |
        Depths |   5970 |   5483 |    487 |   1445 |   3045 |   4 | 1492.5 |
           Zot |   4476 |   4313 |    163 |    843 |   2673 |   5 |  895.2 |
         Trove |     96 |     96 |      0 |      0 |      0 |   1 |   96.0 |
         Sewer |    170 |    170 |      0 |      2 |     31 |   1 |  170.0 |
        Wizlab |   4178 |   4178 |      0 |   3004 |    126 |   1 | 4178.0 |
      Gauntlet |    915 |    915 |      0 |    358 |    212 |   1 |  915.0 |
               +--------+--------+--------+--------+--------+-----+--------+

Top non-repeatable levels by time:
  WizLab: 4178 daAuts
 Crypt:3: 3335 daAuts
Vaults:4: 3115 daAuts
   Elf:1: 2678 daAuts
 Crypt:2: 2657 daAuts
   Elf:3: 2409 daAuts
 Crypt:1: 2402 daAuts
Depths:4: 2314 daAuts
  Lair:5: 2181 daAuts
 Snake:3: 2018 daAuts
Vaults:1: 1878 daAuts
Shoals:3: 1864 daAuts
Vaults:2: 1847 daAuts
Vaults:3: 1835 daAuts
   Zot:2: 1828 daAuts
